 Dungeon Crawl Stone Soup version 0.30.0-29-ga12c61a403 (webtiles) character file.

Game seed: 9815338964551139037

61 monsoonserge the Ducker (level 4, -4/37 HPs)
             Began as a Merfolk Monk on June 15, 2023.
             Was a Believer of Makhleb.
             Slain by Crazy Yiuf
             ... wielding a +2 quarterstaff of chaos
              (16 damage)
             ... on level 2 of the Dungeon.
             The game lasted 00:03:53 (1821 turns).

monsoonserge the Ducker (Merfolk Monk)              Turns: 1821, Time: 00:03:54

Health: -4/37      AC:  5    Str: 11    XL:     4   Next: 7%
Magic:  1/4        EV: 10    Int:  9    God:    Makhleb [**....]
Gold:   114        SH:  8    Dex: 18    Spells: 3/3 levels left

rFire   . . .        a - +0 falchion
rCold   . . .        e - +0 kite shield
rNeg    . . .        g - +0 ring mail
rPois   .            (no helmet)
rElec   .            (no cloak)
rCorr   .            (no gloves)
SInv    .            (no boots)
Will    .....        (no amulet)
Stlth   +            (no ring)
HPRegen 0.26/turn    (no ring)
MPRegen 0.09/turn

%: no passive effects
@: no status effects
A: (nimble swimmer 2), mertail
a: Renounce Religion, Minor Destruction


You were on level 2 of the Dungeon.
You worshipped Makhleb.
Makhleb was pleased with you.
You visited 1 branch of the dungeon, and saw 2 of its levels.

You collected 114 gold pieces.

Inventory:

Hand Weapons
 a - a +0 falchion (weapon)
 j - a +0 short sword of venom
 q - a +0 short sword of draining
Missiles
 l - 6 poisoned darts (quivered)
Armour
 b - a +0 robe
 e - a +0 kite shield (worn)
 g - a +0 ring mail (worn)
Jewellery
 i - a ring of fire
Scrolls
 d - 2 scrolls of identify {unknown}
 f - a scroll of magic mapping {unknown}
 m - a scroll of fog {unknown}
 n - 2 scrolls of teleportation {unknown}
 o - 2 scrolls of vulnerability {unknown}
 r - a scroll of torment {unknown}
 s - a scroll of silence {unknown}
 t - a scroll of immolation {unknown}
Potions
 c - 2 potions of ambrosia
 h - a potion of lignification {unknown}
 k - a potion of degeneration {unknown}
 p - 2 potions of curing {unknown}


   Skills:
 + Level 3.7 Fighting
 + Level 4.5 Long Blades
 + Level 4.8 Dodging
 + Level 1.1 Shields


You had 3 spell levels left.
You didn't know any spells.
Your spell library contained the following spells:

 Spells                   Type           Power      Damage    Failure   Level
 Vhi's Electric Charge    Tloc/Air       0%         N/A       100%        3
 Arcjolt                  Conj/Air       0%         1d10      100%        5
 Maxwell's Capacitive Co  Air            0%         ∞         100%        8


Dungeon Overview and Level Annotations

Branches:
Dungeon (2/15)

Altars:
Makhleb

Annotations:
D:2 Crazy Yiuf


Innate Abilities, Weirdness & Mutations

((You are very nimble when in or above water. (Stealth+, EV+, Speed+++)))
Your lower body shifts to a powerful aquatic tail in water.


Message History

Press: ? - help, Shift-Dir - straight line, f/p - ball python
Aim: a ball python The puff of flame hits the ball python.
You kill the ball python!
Makhleb accepts your kill.
Unknown command.
Found a stone staircase leading up.
Items here: ))) [[.
There is an open door here.
There is an open door here.
There is a stone staircase leading down here.
There is an open door here.
There is an open door here.
There is an open door here.
There is an open door here.
Crazy Yiuf shouts!
You open the door.
Aiming: Minor Destruction (22% risk of failure)
Press: ? - help, Shift-Dir - straight line, f - Crazy Yiuf
Aim: Crazy Yiuf, wielding a +2 quarterstaff of chaos and wearing a +0 cloak Crazy Yiuf writhes in agony.
You closely miss Crazy Yiuf.
Crazy Yiuf is lightly wounded.
Crazy Yiuf drinks a potion.
Crazy Yiuf seems to speed up.
You barely miss Crazy Yiuf.
Crazy Yiuf is lightly wounded.
Crazy Yiuf barely misses you.
Crazy Yiuf hits you with a +2 quarterstaff of chaos!
You feel your power leaking away.
You slash Crazy Yiuf!
Crazy Yiuf is heavily wounded.
Crazy Yiuf hits you with a +2 quarterstaff of chaos!
You are electrocuted!
* * * LOW HITPOINT WARNING * * *
You block Crazy Yiuf's attack.
You hit Crazy Yiuf but do no damage.
Crazy Yiuf is heavily wounded.
Crazy Yiuf misses you.
Crazy Yiuf hits you with a +2 quarterstaff of chaos!
You die...

##.............######
#
##..####'######......#
# #..## #.# ######.#
#.## ### #.# #.# #.#
##.##♣♣♣♣♣ #.#
#...)..♣.♣♣♣ ### #.#
#.).....♣..♣#...# #.#
#....).♣♣♣♣@g...# #.#
##....♣♣ ♣♣#..)# #.#
####♣♣ ### #.# #.# #.#
### #.# #.# #.#
#.###.## #......#


You could see Crazy Yiuf (fast).

Vanquished Creatures
  A dart slug (D:1)
  4 orcs (D:2)
  5 endoplasms (D:1)
  3 giant cockroaches
  2 goblins (D:1)
  11 hobgoblins
  A quokka (D:1)
  7 ball pythons
  5 bats
  2 frilled lizards
  4 kobolds
  4 rats
49 creatures vanquished.

Notes
Turn   | Place    | Note
-------+----------+-------------------------------------------
     0 | D:1      | monsoonserge the Merfolk Monk began the quest for the Orb.
     0 | D:1      | Reached XP level 1. HP: 18/18 MP: 1/1
   130 | D:1      | Reached XP level 2. HP: 24/24 MP: 2/2
   388 | D:1      | Reached XP level 3. HP: 29/29 MP: 3/3
   989 | D:2      | Found a runed translucent door.
   990 | D:2      | Noticed Crazy Yiuf
  1292 | D:2      | Reached skill level 1 in Shields
  1382 | D:2      | Found a faded altar of an unknown god.
  1391 | D:2      | Prayed at the altar of an unknown god.
  1391 | D:2      | Became a worshipper of Makhleb the Destroyer
  1391 | D:2      | Reached * piety under Makhleb
  1391 | D:2      | Reached ** piety under Makhleb
  1403 | D:2      | Reached XP level 4. HP: 37/37 MP: 4/4
  1821 | D:2      | Slain by Crazy Yiuf

Illustrated notes

Levels and vault maps discovered:
D:1:      roderic_chinese_lattice_arrival, layout_loops_cross
D:2:      layout_basic, basic_ecumenical_altar, uniq_crazy_yiuf_cottage

Skill      XL: |  1  2  3 |
---------------+----------+-----
Long Blades    | 4 |  4.5
Shields        | 1 |  1.1
Fighting       | |  3.7
Dodging        | |  4.8

Action                     |  1- 3 |  4- 6 || total
---------------------------+-------+-------++-------
  Melee: Falchion          |   129 |    11 ||   140
 Invoke: Minor Destruction |       |     5 ||     5
 Armour: Ring mail         |    34 |     1 ||    35
         Robe              |     3 |       ||     3
  Dodge: Dodged            |    58 |     4 ||    62
  Block: Kite shield       |    60 |     5 ||    65
